Cogmind - Beta 16.1 @@@ ROGUE MODE // 2026.04.01 @ 16:38:40 Player: Rainbow Dash Result: Self-destructed Performance ------------- Evolutions (4) 2000 Regions Visited (4) 800 Robots Destroyed (30) 150 Value Destroyed (866) 866 Prototype IDs (6) 120 Alien Tech Used (0) 0 Bonus (800) 800 TOTAL SCORE: 4736 Bonus ------- Registered with UFD 300 Met Optimus in HQ 500 Cogmind --------- Core Integrity 708/850 Matter 236/300 Energy 150/150 System Corruption 1% Temperature Cool (0) Movement Hovering (180) Ox2 Location -6/Factory Parts ------- > --- POWER (2) -------- Micro Nuclear Core > --- PROPULSION (5) --- Improved Hover Unit VTOL Module > --- UTILITY (6) ------ Large Storage Unit Advanced Weight Redist. System Advanced Visual Processing Unit Seismic Detector Makeshift Hacking Suite System Shield > --- WEAPON (2) ------- Slug Cannon Power Sword > --- INVENTORY (15) --- Light Nuclear Core Light Fission Core Scrap Suit Medium Storage Unit Structural Scanner Improved Sensor Array Improved Signal Interpreter Improved Utility Shielding Hacking Suite Improved Hacking Suite Drone Bay (2/2) CPS Tube (2) Peak State ------------ > --- POWER ------------ Light Nuclear Core Micro Nuclear Core > --- PROPULSION ------- Hover Unit Improved Hover Unit Gravmag System Gravmag System Improved Gravmag System > --- UTILITY ---------- Large Storage Unit Advanced Visual Processing Unit Seismic Detector Makeshift Hacking Suite System Shield Makeshift System Restoration Module > --- WEAPON ----------- Katana > --- INVENTORY -------- Light Nuclear Core Light Fission Core Scrap Suit Medium Storage Unit Advanced Weight Redist. System Structural Scanner Improved Sensor Array Improved Signal Interpreter Improved Utility Shielding Hacking Suite Improved Hacking Suite Drone Bay Slug Cannon CPS Tube [Rating: 47] Favorites ----------- Power Nuclear Core Engine Subdweller Power Source Power Core Nuclear Core Propulsion Aluminum Leg Leg Aluminum Leg Wheel Armored Huge Wheel Hover Unit Hover Unit Flight Unit VTOL Module Utility Seismic Detector Device Seismic Detector Storage Medium Storage Unit Processor Advanced Visual Processing Unit Hackware Makeshift Hacking Suite Weapon Heavy Assault Rifle Energy Gun Medium Laser Ballistic Gun Heavy Assault Rifle Ballistic Cannon Slug Cannon Launcher Grenade Launcher Slashing Weapon Katana Build | -11 -10 -10 -8 -6 ------- Run | Yrd Mat Sub Scr Fac Slots Evolved 8 | . . . . 8 Power 1 | . . . . 1 Propulsion 3 | . . . . 3 Utility 4 | . . . . 4 Weapon . | . . . . . Parts Attached 45 | 8 8 2 8 19 Power 7 | 1 . 1 2 3 Engine 4 | 1 . 1 1 1 Core 3 | . . . 1 2 Reactor . | . . . . . Propulsion 14 | 2 3 . 1 8 Treads . | . . . . . Leg 5 | 2 3 . . . Wheel 1 | . . . 1 . Hover 6 | . . . . 6 Flight 2 | . . . . 2 Utility 14 | 2 2 . 3 7 Device 6 | 1 . . 1 4 Storage 5 | 1 2 . 2 . Processor 1 | . . . . 1 Hackware 2 | . . . . 2 Protection . | . . . . . Artifact . | . . . . . Weapon 10 | 3 3 1 2 1 Energy Gun 2 | 2 . . . . Energy Cannon . | . . . . . Ballistic Gun 3 | 1 2 . . . Ballistic Cannon 1 | . . 1 . . Launcher 2 | . 1 . 1 . Special Weapon . | . . . . . Impact Weapon . | . . . . . Slashing Weapon 2 | . . . 1 1 Piercing Weapon . | . . . . . Special Melee Weapon . | . . . . . Unidentified Prototypes . | . . . . . Parts Lost 10 | . . . . 10 Power 2 | . . . . 2 Propulsion 6 | . . . . 6 Utility . | . . . . . Weapon 2 | . . . . 2 Highest Loss Streak 4 | . . . . 4 To Critical Strikes . | . . . . . Average Backups 7 | 1 8 9 6 11 Power . | . 1 . . 1 Propulsion . | . 2 2 . . Utility 3 | . . 1 3 7 Weapon 2 | . 4 4 2 . Tool/Special . | . . . . . Unused Backups 27 | . 1 5 9 12 Power 5 | . . 1 1 3 Propulsion 2 | . . 1 1 . Utility 10 | . . . 2 8 Weapon 9 | . 1 3 5 . Tool/Special 1 | . . . . 1 Average Slot Usage (%) 86 | . 99 100 81 85 Engine 6 | . 14 14 5 2 Core 5 | . . . 7 8 Leg 18 | . 28 28 19 . Wheel 3 | . . . 4 3 Hover 2 | . . . . 16 Device 11 | . 14 14 10 12 Storage 8 | . 14 14 7 6 Hackware 1 | . . . . 12 Ballistic Gun 11 | . 22 21 10 . Ballistic Cannon 7 | . . 6 10 1 Launcher 1 | . . . 1 4 Slashing Weapon 2 | . . . 2 5 Peak Build Rating 47 | 7 10 13 22 47 Average Rating 16 | 5 8 11 15 38 On Entrance 9 | . 7 10 13 19 Avg Prop Armor Cover (%) 7 | . . . . 7 Naked Turns . | . . . . . Heaviest Build 44 | 14 29 26 37 44 Greatest Support 41 | 20 20 20 28 41 Greatest Overweight (x) 2 | 1 1 1 1 2 Average Overweight (x) . | . . 1 . . Largest Inventory Capacity 35 | 8 15 10 35 15 Average Capacity 9 | 7 9 10 8 15 Most Carried 15 | 2 10 10 12 15 Average Carried 7 | 1 8 9 6 12 Final Capacity 15 | 8 10 10 15 15 Final Carried 13 | 2 10 10 12 13 Class Distribution -------------------- 87% | Mutant 6% | Hacker-Mutant 6% | Scavenger-Mutant Dominant Class ---------------- Mutant | -10/Materials Mutant | -10/Subcaves Mutant | -8/Scraptown Hacker-Mutant | -6/Factory Resources | -11 -10 -10 -8 -6 ----------- Run | Yrd Mat Sub Scr Fac Matter Collected 1220 | 175 330 109 229 377 Remotely . | . . . . . Salvage Created 910 | 23 391 147 . 349 Parts 60 | 1 17 11 . 31 Haulers Intercepted . | . . . . . Recyclers Shooed 1 | . . . . 1 Parts Field Recycled . | . . . . . Retrieved Matter . | . . . . . Parts Self-Destructed 14 | . . 14 . . Prevented . | . . . . . Parts Restored . | . . . . . Kills | -11 -10 -10 -8 -6 ------- Run | Yrd Mat Sub Scr Fac Combat Hostiles Destroyed 19 | . 7 3 . 9 Melee 7 | . . . . 7 Guns 6 | . 4 2 . . Cannons 3 | . . 1 . 2 AOE 3 | . 3 . . . Classes Destroyed 11 | 1 5 2 . 3 Worker 2 | . 1 . . 1 Builder 1 | . . . . 1 Tunneler 1 | 1 . . . . Recycler 1 | . 1 . . . Operator 2 | . 1 . . 1 Watcher 4 | . 3 . . 1 Swarmer 7 | . . . . 7 Grunt 7 | . 7 . . . Sentry 1 | . . 1 . . Programmer 2 | . . . . 2 Subdweller 2 | . . 2 . . Best Kill Streak 6 | 1 6 1 . 4 Combat Bots Only 4 | . 4 1 . 4 Max Kills in Single Turn 2 | 1 2 1 . 1 Gunslinging . | . . . . . Exploded 1 | . 1 . . . Melee 1 | . . . . 1 Uniques/NPCs Destroyed . | . . . . . Combat | -11 -10 -10 -8 -6 -------- Run | Yrd Mat Sub Scr Fac Hostile Shots Fired 124 | . 24 16 . 84 Missed 39 | . 5 6 . 28 Hits 85 | . 19 10 . 56 Projectile 85 | . 19 10 . 56 Critical Strikes 1 | . . 1 . . Damage Taken 1151 | . 226 205 . 720 Core 224 | . 16 66 . 142 Absorbed by Shields . | . . . . . Regen/Repaired (Parts) 15 | . . . . 15 Core Remaining (%) 83 | 100 . . 67 . Volleys Fired 51 | 7 24 12 . 8 Largest 2 | 2 2 2 . 1 Hottest 70 | 70 70 63 . 40 Shots Fired 91 | 14 45 24 . 8 Gun 76 | 14 42 20 . . Cannon 12 | . . 4 . 8 Launcher 3 | . 3 . . . Special . | . . . . . Kinetic 78 | 7 39 24 . 8 Thermal 10 | 7 3 . . . Explosive 3 | . 3 . . . Electromagnetic . | . . . . . Robot Hit Streak 9 | 6 4 9 . 1 Robot Miss Streak 6 | 3 5 1 . 6 Penetration Max . | . . . . . Secondary Targets . | . . . . . Shots Hit Robots 73 | 9 21 18 . 25 Core Hits 40 | 5 18 5 . 12 Critical Kills 2 | . . 1 . 1 Critical Parts Destroyed . | . . . . . Critical Strikes 6 | 2 . 1 . 3 Burn 2 | 2 . . . . Destroy 2 | . . 1 . 1 Sever 2 | . . . . 2 Melee Attacks 37 | . . . . 37 Impact . | . . . . . Slashing 37 | . . . . 37 Piercing . | . . . . . Sneak Attacks 7 | . . . . 7 Combat Hostiles . | . . . . . Follow-up Attacks . | . . . . . Damage Inflicted 2088 | 90 653 261 . 1084 Guns 642 | 88 356 198 . . Cannons 105 | . . 63 . 42 Explosions 297 | . 297 . . . Melee 1042 | . . . . 1042 Ramming 2 | 2 . . . . Kinetic 685 | 38 344 261 . 42 Thermal 62 | 50 12 . . . Explosive 297 | . 297 . . . Electromagnetic . | . . . . . Impact . | . . . . . Slashing 1042 | . . . . 1042 Piercing . | . . . . . Highest Corruption 2 | . . . . 2 Average Corruption 1 | . . . . 1 Corruption Purged 2 | . . . . 2 Corruption Blocked . | . . . . . Effects 2 | . . . . 2 Message Errors 2 | . . . . 2 Overload Shots . | . . . . . Overflow Damage 179 | . . . . 179 Projectiles . | . . . . . Explosions . | . . . . . Melee 179 | . . . . 179 Knockbacks . | . . . . . Impact . | . . . . . Kinetic . | . . . . . Secondary . | . . . . . Self-Inflicted Damage . | . . . . . Shots . | . . . . . Rammed . | . . . . . Targets Rammed 3 | 3 . . . . Kicked 3 | 3 . . . . Crushed . | . . . . . Highest Temperature 80 | 80 30 2 . 3 Average Temperature 18 | 37 8 2 . 2 Received Heat Transfer 213 | . 126 63 . 24 Siege Activations . | . . . . . Martial Activations . | . . . . . Shielding Activations . | . . . . . Robots Disrupted . | . . . . . Combat Hostiles . | . . . . . Robots Corrupted . | . . . . . Combat Hostiles . | . . . . . Parts Fried . | . . . . . Impact Corruptions . | . . . . . Robots Melted . | . . . . . Combat Hostiles . | . . . . . Parts Melted 4 | 2 . 2 . . Heat Transferred 333 | 296 37 . . . Parts Sabotaged . | . . . . . Parts Stolen . | . . . . . Parts Stripped . | . . . . . Power Chain Reactions . | . . . . . Alert | -11 -10 -10 -8 -6 ------- Run | Yrd Mat Sub Scr Fac Maximum Alert Level . | . . . . . Low Security (%) 100 | 100 100 . . 100 Level 1 . | . . . . . Level 2 . | . . . . . Level 3 . | . . . . . Level 4 . | . . . . . Level 5 . | . . . . . High Security . | . . . . . Max Security . | . . . . . Peak Influence 134 | 5 134 . . 94 Initial . | . . . . . Average 29 | . 37 . . 25 Influence Increases 630 | 5 285 20 . 320 Destroy 0b10 Robot/C 340 | . 140 20 . 180 Destroy 0b10 Robot/NC 55 | 5 30 . . 20 Destroy Leader 88 | . 46 . . 42 Successful Hack 78 | . 40 . . 38 Disable Machine 45 | . 15 . . 30 Destroy Structure 24 | . 14 . . 10 Influence Decreases 621 | 5 285 20 . 311 Time Decay 521 | 5 285 20 . 211 Lost Part 100 | . . . . 100 Squads Dispatched 8 | . 1 . . 7 Investigation 1 | . . . . 1 Extermination 3 | . . . . 3 Reinforcement 4 | . 1 . . 3 Assault . | . . . . . Garrison . | . . . . . Intercept . | . . . . . Searches Triggered . | . . . . . Construction Impeded . | . . . . . Haulers Reinforced . | . . . . . Active Scanning Responses . | . . . . . Cargo Convoy Interrupts . | . . . . . Stealth | -11 -10 -10 -8 -6 --------- Run | Yrd Mat Sub Scr Fac Distress Signals 1 | . . . . 1 Communications Jammed . | . . . . . Distress Signals . | . . . . . Times Spotted 34 | . 12 4 . 18 Peak Tracking Total 4 | . 4 2 . 4 Tactical Retreats . | . . . . . Traps | -11 -10 -10 -8 -6 ------- Run | Yrd Mat Sub Scr Fac Traps Triggered . | . . . . . Indirectly . | . . . . . Trap Hack Attempts . | . . . . . Triggered . | . . . . . Disarmed . | . . . . . Reprogrammed 6 | . 6 . . . Reused . | . . . . . Traps Extracted . | . . . . . Installed . | . . . . . Triggered . | . . . . . Machines | -11 -10 -10 -8 -6 ---------- Run | Yrd Mat Sub Scr Fac Machines Disabled 3 | . 1 . . 2 Max in Single Turn 1 | . 1 . . 1 Machines Repaired . | . . . . . Machines Dismantled . | . . . . . Machines Sabotaged . | . . . . . Overloaded Fab Kills . | . . . . . Hacking | -11 -10 -10 -8 -6 --------- Run | Yrd Mat Sub Scr Fac Machines Accessed 18 | . 9 1 2 6 Terminals 11 | . 7 . . 4 Fabricators . | . . . . . Repair Stations 1 | . . . . 1 Recycling Units 3 | . 2 . . 1 Scanalyzers . | . . . . . Garrison Access . | . . . . . Total Hacks 56 | . 36 5 3 12 Successful 32 | . 20 5 3 4 Failed 24 | . 16 . . 8 Catastrophic 5 | . 3 . . 2 Database Lockouts . | . . . . . Manual 23 | . 19 . . 4 Terminals 37 | . 30 . . 7 Fabricators . | . . . . . Repair Stations 2 | . . . . 2 Recycling Units 9 | . 6 . . 3 Scanalyzers . | . . . . . Garrison Access . | . . . . . Terminal Hacks 20 | . 10 5 3 2 Record 8 | . . 5 3 . Robot Analysis 1 | . . . . 1 Prototype ID Bank 3 | . 3 . . . Branch Access Points 1 | . . . . 1 Terminal Index 1 | . 1 . . . Locate Traps 3 | . 3 . . . Reprogram Traps 1 | . 1 . . . Hauler Manifests 2 | . 2 . . . Fabricator Hacks . | . . . . . Repair Station Hacks 2 | . . . . 2 Scan Component 1 | . . . . 1 Repair 1 | . . . . 1 Recycling Unit Hacks 1 | . 1 . . . Retrieve Components 1 | . 1 . . . Scanalyzer . | . . . . . Garrison Access Hacks . | . . . . . Unauthorized Hacks 9 | . 9 . . . Terminals 7 | . 7 . . . Track 3 | . 3 . . . Assimilate 1 | . 1 . . . Botnet 3 | . 3 . . . Fabricators . | . . . . . Repair Stations . | . . . . . Recycling Units 2 | . 2 . . . Recyclers 1 | . 1 . . . Mask 1 | . 1 . . . Scanalyzers . | . . . . . Garrison Access . | . . . . . Data Cores Recovered . | . . . . . Used . | . . . . . Hacking Detections 13 | . 8 . . 5 Full Trace Events 2 | . 1 . . 1 Feedback Events 1 | . . . . 1 Corruption 1 | . . . . 1 Feedback Blocked . | . . . . . Robot Schematics Acquired . | . . . . . Robots Built . | . . . . . Authchips . | . . . . . Time . | . . . . . Total Robot Build Rating . | . . . . . Part Schematics Acquired . | . . . . . Parts Built . | . . . . . Authchips . | . . . . . Time . | . . . . . Total Part Build Rating . | . . . . . Part Studies Acquired . | . . . . . Parts Repaired 1 | . . . . 1 Time 38 | . . . . 38 Parts Recycled . | . . . . . Recycled Matter . | . . . . . Retrieved Matter . | . . . . . Retrieved Components 5 | . 5 . . . Parts Scanalyzed . | . . . . . Part Schematics Acquired . | . . . . . Parts Damaged . | . . . . . Bothacking | -11 -10 -10 -8 -6 ------------ Run | Yrd Mat Sub Scr Fac Used RIF Installer . | . . . . . Robots Hacked . | . . . . . Non-combat . | . . . . . Combat . | . . . . . Robot Hacks Applied . | . . . . . Relay Couplers Released . | . . . . . Fabnet Peak Effective % . | . . . . . Robots Rewired . | . . . . . Allies Hacked . | . . . . . Hacks Repelled . | . . . . . Allies | -11 -10 -10 -8 -6 -------- Run | Yrd Mat Sub Scr Fac Total Allies . | . . . . . Largest Group . | . . . . . Highest-Rated Group . | . . . . . Highest-Rated Ally . | . . . . . Initial UFD Resources 23 | . . . . 23 Total Orders . | . . . . . Ally Attacks . | . . . . . Total Damage . | . . . . . Kills . | . . . . . Allies Corrupted . | . . . . . Allies Melted . | . . . . . Intel | -11 -10 -10 -8 -6 ------- Run | Yrd Mat Sub Scr Fac Active Infowar (turns) 3996 | 20 938 658 1396 984 Optics 983 | . . . . 983 Structural 701 | . . . . 701 Seismic 3994 | 20 938 658 1396 982 Robot Analysis Total 1 | . . . . 1 Derelict Logs Recovered 4 | . . . 4 . Drone Launches . | . . . . . Drone Recoveries . | . . . . . Exploration | -11 -10 -10 -8 -6 ------------- Run | Yrd Mat Sub Scr Fac Turns Passed 7672 | 113 938 658 4976 987 Spaces Moved 4917 | 62 516 316 3049 974 Core 5 | 5 . . . . Treads . | . . . . . Legs 2694 | 57 516 316 1805 . Wheels 1621 | . . . 1244 377 Hover 597 | . . . . 597 Flight . | . . . . . Fastest Speed 44 | 50 120 190 100 44 Average Speed 145 | 117 162 190 158 81 Slowest Speed 190 | 120 190 190 190 180 Overloaded Moves . | . . . . . Propulsion Burnouts . | . . . . . Robots Hopped . | . . . . . Potential Cave-ins . | . . . . . Cave-ins Triggered . | . . . . . Exploration Rate (%) 45 | 3 97 16 88 23 Regions Visited 4 Branch Regions 2 Pre-discovered Areas 2 | . . 1 1 . Known Exits Taken . | . . . . . Unknown Exits Taken 4 | 1 1 1 1 . Scrap Searched 6 | . . 2 4 . Spaces Dug 6 | . . . . 6 Terrain Destroyed 32 | . 19 2 . 11 Melee 5 | . . . . 5 Projectile 8 | . . 2 . 6 AOE 19 | . 19 . . . Terrain Rammed . | . . . . . Walls Destroyed . | . . . . . Machines Disabled . | . . . . . Actions | -11 -10 -10 -8 -6 --------- Run | Yrd Mat Sub Scr Fac Total 5309 | 85 573 354 3191 1106 Wait 169 | 4 9 8 100 48 Move 4913 | 61 515 315 3048 974 Hop . | . . . . . Pick Up 39 | 2 8 7 9 13 Fast Attach 28 | 7 2 2 7 10 Attach 11 | . . . 2 9 Detach 6 | . 1 . 3 2 Swap 10 | 1 7 . 1 1 Drop 42 | . 7 10 21 4 Fire 51 | 7 24 12 . 8 Melee 37 | . . . . 37 Ram . | . . . . . Kick 3 | 3 . . . . Crush . | . . . . . Escape Stasis . | . . . . . Rewire . | . . . . . Trap . | . . . . . Miscellaneous . | . . . . . Route ------- -11/Scrapyard -10/Materials (discovered 4 exits: [*Mat x2] / [*Min] / *Sub) -10/Subcaves (discovered 2 exits: [*Mat] / *Scr) -8/Scraptown (discovered 2 exits: *Fac x2) -6/Factory (discovered 2 exits: *Low x2) History --------- Turn | Location | Event 14 | -11/Scrapyard | Discovered new exit (range 16) 114 | -11/Scrapyard | Entered Materials 277 | -10/Materials | Discovered new exit (range 16) 323 | -10/Materials | Build established: Mutant 469 | -10/Materials | Discovered new exit (range 12) 728 | -10/Materials | Discovered new exit (range 16) 1033 | -10/Materials | Discovered new exit (range 11) 1052 | -10/Materials | Entered Subcaves 1053 | -10/Subcaves | Approached by a straggling Scientist 1098 | -10/Subcaves | Visited Clippyterm 1104 | -10/Subcaves | Learned location of Extension (-4) 1104 | -10/Subcaves | Learned Factory trap positions 1290 | -10/Subcaves | Shifting Twisted Machinery released Sub. Laser 1305 | -10/Subcaves | Shifting Twisted Machinery released Piercing Trap 1315 | -10/Subcaves | Scientist uncovered a shortcut to Scraptown 1334 | -10/Subcaves | Discovered new exit (range 4) 1710 | -10/Subcaves | Entered Scraptown 1853 | -8/Scraptown | Visited Cyclists 1929 | -8/Scraptown | Discovered new exit (range 13) 2127 | -8/Scraptown | Visited UFD Registry 2127 | -8/Scraptown | Registered with UFD as "Bladesink" 3078 | -8/Scraptown | Scanned Subdweller tech in exchange for log data 3082 | -8/Scraptown | Learned Research terminal intel 3084 | -8/Scraptown | Learned Factory emergency access door positions 3086 | -8/Scraptown | Learned Research security intel 3088 | -8/Scraptown | Learned location of 2 exits from Upper Caves 3270 | -8/Scraptown | Guru changed UFD alias to "Hardgunner" 3455 | -8/Scraptown | Entered Cyclist Reading Room 3523 | -8/Scraptown | Visited Shadow of the Wyrm 3550 | -8/Scraptown | Visited Comm Corps 3820 | -8/Scraptown | Visited TADAMA 4278 | -8/Scraptown | Received an X-ray algorithm 4293 | -8/Scraptown | Visited Botcube Research 4337 | -8/Scraptown | Visited Curators Association 4376 | -8/Scraptown | Visited Scrap Suit Storage 4458 | -8/Scraptown | Delivered Scrap Shield to a Scientist 4625 | -8/Scraptown | Visited Observation Area 4703 | -8/Scraptown | Visited Research Penetration Think Tank 4764 | -8/Scraptown | Visited Junk Repository 4821 | -8/Scraptown | Visited LU-1G1's Boring Crew 4897 | -8/Scraptown | Visited Chapter 10 6215 | -8/Scraptown | Found Scrap Suit 6622 | -8/Scraptown | Met Optimus 6622 | -8/Scraptown | Accepted into 0bPrime 6680 | -8/Scraptown | Discovered new exit (range 5) 6686 | -8/Scraptown | Entered Factory 6686 | -6/Factory | Evolved 8 slots: Power x1, Propulsion x3, Utility x4 6687 | -6/Factory | Loaded intel: 97 trap records 6994 | -6/Factory | Build established: Hacker-Mutant 7277 | -6/Factory | Repaired Adv. Weight Redist. System? 7389 | -6/Factory | Identified exit to Lower Caves 7533 | -6/Factory | Lost 3 parts (2n1w) 7540 | -6/Factory | Build established: Scavenger-Mutant 7673 | -6/Factory | Self-destructed Last Messages --------------- 07507_ Slug penetrates Wall. 07511_ S-27 Virus suffers critical hit (Destroy). 07511_ S-27 Virus destroyed. 07516_ Acquired VTOL Module. 07523_ U-05 Engineer builds a Wall. 07526_ Acquired 4 matter. 07543_ Mak. System Restoration Module purges 1% system corruption (0%). 07547_ Discarded Mak. System Restoration Module. 07574_ W-25 Informer sends out distress signal. 07641_ Acquired Power Sword. 07649_ ALERT: Hostiles spotted, dispatching reinforcements to Terminal F008. 07659_ U-05 Engineer builds a Wall. 07659_ Sneak attack on U-05 Engineer. 07659_ Destroyed Welding Torch. 07659_ Destroyed Wheel. 07659_ Imp. Gravmag System destroyed. 07665_ Hover Unit destroyed. 07672_ VTOL Module destroyed. 07673_ Lgt. Nuclear Core destroyed. Map ----- +----------------------------------------------------+ | ??????????????????????????????# #??# | | ??????????????????????????????# #??# | | ??????????????????????????????# #??# ########## | | ??????????????????????????????# #??# #??# #???? | | ??????????????????????????????# ####+##+#??###???? | | ????????????????????+?????????# ## #????????? | | ???????????????????????#####?## ## """ #????????? | | ???????????#########+### ### # """ ########## | | ???????????# ! ! / " + """ ## | | ???????????# "" # ### # ## | | ???????????# Y" ## ##?##### ## | | ???????????# """ "" ## #?????########## | | ???????????# """ ## #?????# | | ???????????# ??""" ! ## #?????# ^ ^ | | ??????????????? ## #?????# ^ ^ | | ??????????????########### ?? ^""" """ """ | | ????????????????????????# #?######## """ """^""" | | ????????????????????????# #????????# """ """ """ | | ????????????????????????# ##???????# | | ????????????????????????# ##???????#! ! | | ????????????????????????# ########## | | ????????????????????????#Y; + | | ????????????????????????# # "" ! ###+####### | | ????????????????????????# #p"T #? ?????# | | ????????????????????????# /o"" #? ?????# | | ????????????????????????#@# # ????# | | ????????????????????????# # = # "????# | | ????????????????????????# ######## ???# | | ????????????????????????k ??????# ! ???# | | ???????????????????????? ??????##+#####??###+### | | ???????????????????????? T ??????????????????????? | | ???????????????????????? ??????????????????????? | | ??????????????????????? ?????????????????????? | | ???????????????????????##+##?????????????????????? | | ????????????????????????? ???????????????????????? | | ????????????????????????? ???????????????????????? | | ?????????????????????????"???????????????????????? | | ?????????????????????????????????????????????????? | | ?????????????????????????????????????????????????? | | ?????????????????????????????????????????????????? | | ?????????????????????????????????????????????????? | | ?????????????????????????????????????????????????? | | ?????????????????????????????????????????????????? | | ?????????????????????????^???????????????????????? | | ?????????????????????????^???????????????????????? | | ?????????????????????????^???????????????????????? | | ?????????????????????????????????????????????????? | | ?????????????????????????????????????????????????? | | ?????????????????????????????????????????????????? | | ?????????????????????????????????????????????????? | +----------------------------------------------------+ Best States ------------- Heat Dissipation 37 Energy Generation 24 Energy Capacity 265 Matter Stores 300 Matter Capacity 300 Sight Range 20 Terrain Scan Density 10 Additional Mass Support 9 Evasion (%) 56 Offensive Hacking 11 Defensive Hacking 10 Item Schematics ----------------- None Robot Schematics ------------------ None Fabricated ------------ Nothing Repaired ---------- Adv. Weight Redist. System | 37% | -6/Factory Studied --------- None Alien Tech Used ----------------- None Achievements -------------- Longdome?! Challenges ------------ None Game ------ Seed SpikedCentriumSightfinder Manual? 0 Play Time 01:00:42 Cumulative 128.0 hours Start 2026.04.01 @ 13:14:40 End 2026.04.01 @ 16:38:40 Sessions 3 Manual Loads 0 Difficulty Rogue Special Mode None Game No. 123 Rogue 78 Adventurer 45 Explorer 0 Win Type - Total 3 Types 2/0/0/1/0/0/0/0/0/0 Lore% 69 Gallery% 57 Achievement% 42 Wizard Run 0 Options --------- Layout 0 ASCII 0 Keyboard 1 Movement Numpad Keybinds 0 Fullscreen 1 Font 24/Smallcaps Map View 76x50 Zoom Use 0% Tactical HUD 1 Map Filters NONE Filters NONE Steam 1 RUN: 3dfff9ce-61b6-48ef-a40a-c6eccbd4c18d